[Event "Hungarian Youth-ch I 2024"]
[Site "Szolnok"]
[Date "2024.04.01"]
[Round "1.1"]
[White "Herpai, Jozsef Matyas"]
[Black "Szikszai, Bertalan"]
[Result "1/2-1/2"]
[ECO "A45"]
[WhiteElo "2037"]
[BlackElo "2312"]
[Annotator "ChessBase"]
[PlyCount "80"]
[EventDate "2024.03.31"]
[EventType "swiss"]
[EventCountry "HUN"]
[SourceTitle "playchess.com"]
[Source "ChessBase"]
[SourceQuality "1"]
[TimeControl "5400+30"]

1. d4 Nf6 2. Bf4 g6 3. Nc3 d5 4. e3 Bg7 5. h4 h5 6. Nf3 O-O 7. Ne5 c5 8. Qd2 cxd4 9. exd4 Nc6 10. f3 Bf5 11. Bb5 Nb4 12. Ba4 Rc8 13. a3 Na6 14. g4 Be6 15. O-O-O Qa5 16. Bb3 Nc7 17. Bg5 Rfe8 18. Kb1 Kh7 19. Nd3 Qa6 20. Nf4 Qd6 21. gxh5 Nxh5 22. Nxh5 gxh5 23. Bf4 Qd8 24. Qd3+ Kh8 25. Rhg1 Bf6 26. Bg5 Rg8 27. Bxf6+ exf6 28. Qe3 Kh7 29. Rxg8 Qxg8 30. Rg1 Qf8 31. Qd3+ Kh8 32. Qe3 Kh7 33. Qd3+ Kh8 34. Qd2 Kh7 35. Qf4 Qh6 36. Qxh6+ Kxh6 37. Ka2 Rd8 38. Ne2 Nb5 39. c3 Nd6 40. Ng3 a6 1/2-1/2

[Event "Hungarian Youth-ch I 2024"]
[Site "Szolnok"]
[Date "2024.04.01"]
[Round "1.2"]
[White "Fule, Simon"]
[Black "Gulacsi, Donat Ferenc"]
[Result "1/2-1/2"]
[ECO "B12"]
[WhiteElo "2262"]
[BlackElo "1912"]
[Annotator "ChessBase"]
[PlyCount "72"]
[EventDate "2024.03.31"]
[EventType "swiss"]
[EventCountry "HUN"]
[SourceTitle "playchess.com"]
[Source "ChessBase"]
[SourceQuality "1"]
[TimeControl "5400+30"]

1. e4 c6 2. d4 d5 3. e5 Bf5 4. h4 h5 5. Bd3 Bxd3 6. Qxd3 e6 7. Bg5 Qb6 8. Nd2 c5 9. c4 Nc6 10. Ngf3 Be7 11. cxd5 Nb4 12. Qb3 Nxd5 13. Qa4+ Qc6 14. Qxc6+ bxc6 15. Bxe7 Ngxe7 16. dxc5 Nf4 17. O-O Nd3 18. Ne4 Ng6 19. Nd6+ Ke7 20. Nc4 Rab8 21. b3 Rhd8 22. Rfd1 Rd5 23. Rd2 Nxc5 24. Rad1 Rbd8 25. Na5 Nxe5 26. Rxd5 Rxd5 27. Rxd5 Nxf3+ 28. gxf3 cxd5 29. Nc6+ Kd6 30. Nxa7 Nd3 31. a3 Kc5 32. Kf1 Nf4 33. b4+ Kb6 34. Nc8+ Kc7 35. Na7 Kb6 36. Nc8+ Kc7 1/2-1/2

[Event "Hungarian Youth-ch I 2024"]
[Site "Szolnok"]
[Date "2024.04.01"]
[Round "1.3"]
[White "Frank, Balint"]
[Black "Gathi, Donat"]
[Result "1-0"]
[ECO "D71"]
[WhiteElo "1939"]
[BlackElo "2192"]
[Annotator "ChessBase"]
[PlyCount "115"]
[EventDate "2024.03.31"]
[EventType "swiss"]
[EventCountry "HUN"]
[SourceTitle "playchess.com"]
[Source "ChessBase"]
[SourceQuality "1"]
[TimeControl "5400+30"]

1. d4 Nf6 2. c4 g6 3. g3 Bg7 4. Bg2 d6 5. Nf3 O-O 6. O-O Nc6 7. Nc3 Nd7 8. h3 e5 9. d5 Ne7 10. e4 f5 11. Bd2 Nc5 12. b4 Nxe4 13. Nxe4 fxe4 14. Ng5 Nf5 15. Ne6 Bxe6 16. dxe6 c6 17. Bxe4 d5 18. cxd5 cxd5 19. Qb3 Ne7 20. Bg5 dxe4 21. Rad1 Qe8 22. Bxe7 Qxe7 23. Rd7 Qf6 24. e7+ Kh8 25. exf8=Q+ Rxf8 26. Rxb7 Bh6 27. Qd1 Rd8 28. Rd7 Rf8 29. Qd6 Qxd6 30. Rxd6 Kg7 31. Rd7+ Kf6 32. Rxa7 Bd2 33. b5 Kg5 34. Kg2 Bc3 35. a4 Bd4 36. Rxh7 Ra8 37. f4+ exf3+ 38. Rxf3 Rxa4 39. Rb3 e4 40. b6 Ra2+ 41. Kf1 Ra1+ 42. Ke2 Ra2+ 43. Kd1 Ra1+ 44. Kd2 Ra2+ 45. Kc1 Ra1+ 46. Rb1 Rxb1+ 47. Kxb1 Bxb6 48. Rf7 e3 49. Kc2 Bc5 50. Kd3 Bd6 51. Rf3 Bc5 52. Rxe3 Bxe3 53. Kxe3 Kf5 54. Kd4 Ke6 55. Ke4 Kf6 56. Kf4 g5+ 57. Ke4 Ke6 58. g4 1-0

[Event "Hungarian Youth-ch I 2024"]
[Site "Szolnok"]
[Date "2024.04.01"]
[Round "1.4"]
[White "Borzsei, Andras"]
[Black "Bekesi, Aron"]
[Result "0-1"]
[ECO "A81"]
[WhiteElo "2126"]
[BlackElo "1783"]
[Annotator "NA"]
[PlyCount "88"]
[EventDate "2024.03.31"]
[EventType "swiss"]
[EventCountry "HUN"]
[SourceTitle "playchess.com"]
[Source "ChessBase"]
[SourceQuality "1"]
[TimeControl "5400+30"]

1. d4 f5 2. g3 Nf6 3. Bg2 e6 4. c4 d5 5. Nh3 c6 6. O-O Bd6 7. Bf4 O-O 8. Nd2 b6 9. Rc1 Ba6 10. Bxd6 Qxd6 11. b3 Nbd7 12. Nf3 Ne4 13. Nf4 Rac8 14. Nd3 Rfd8 15. Re1 c5 16. cxd5 exd5 17. e3 c4 18. Nde5 Nxe5 19. Nxe5 Qa3 20. bxc4 Bxc4 21. Nxc4 Rxc4 22. Rxc4 dxc4 23. Qc2 b5 24. Bxe4 fxe4 25. Rb1 Qd3 26. Qb2 a6 27. Rc1 Rc8 28. Rc3 Qd1+ 29. Kg2 Rf8 30. Rc1 Qf3+ 31. Kg1 h5 32. Rc2 h4 33. Qc1 b4 34. Qf1 c3 35. d5 hxg3 36. hxg3 Rf6 37. Rc1 Rh6 38. Qg2 Qxg2+ 39. Kxg2 Rd6 40. Rd1 a5 41. f3 exf3+ 42. Kxf3 a4 43. Rb1 c2 44. Rc1 b3 0-1

[Event "Hungarian Youth-ch I 2024"]
[Site "Szolnok"]
[Date "2024.04.01"]
[Round "1.5"]
[White "Barna, Peter"]
[Black "Kocsmar, Akos"]
[Result "0-1"]
[ECO "B23"]
[WhiteElo "1702"]
[BlackElo "2029"]
[Annotator "NA"]
[PlyCount "72"]
[EventDate "2024.03.31"]
[EventType "swiss"]
[EventCountry "HUN"]
[SourceTitle "playchess.com"]
[Source "ChessBase"]
[SourceQuality "1"]
[TimeControl "5400+30"]

1. e4 c5 2. Nc3 e6 3. f4 d5 4. Bb5+ Bd7 5. Bxd7+ Qxd7 6. d3 Nc6 7. Nf3 O-O-O 8. O-O Nge7 9. Ng5 Ng6 10. f5 Nge5 11. fxe6 fxe6 12. exd5 exd5 13. Bf4 Be7 14. Bxe5 Bxg5 15. Bg3 Nd4 16. Be5 Ne6 17. Qh5 g6 18. Qg4 Rhf8 19. a4 Be3+ 20. Kh1 Bd4 21. Bg3 Bxc3 22. bxc3 Ng7 23. Qxd7+ Kxd7 24. Rxf8 Rxf8 25. h3 Nf5 26. Bf2 Kc6 27. Rb1 Re8 28. Re1 Rxe1+ 29. Bxe1 Ne3 30. Kg1 Nxc2 31. Bd2 c4 32. d4 Kb6 33. Kf2 Ka5 34. Kf3 Kxa4 35. Kf4 Kb5 36. Ke5 Kc6 0-1

[Event "Hungarian Youth-ch I 2024"]
[Site "Szolnok"]
[Date "2024.04.01"]
[Round "1.6"]
[White "Varga, Boldizsar"]
[Black "Bodrogi, Bendeguz"]
[Result "0-1"]
[ECO "A13"]
[WhiteElo "1990"]
[BlackElo "2316"]
[Annotator "ChessBase"]
[PlyCount "90"]
[EventDate "2024.03.31"]
[EventType "swiss"]
[EventCountry "HUN"]
[SourceTitle "playchess.com"]
[Source "ChessBase"]
[SourceQuality "1"]
[TimeControl "5400+30"]

1. c4 e6 2. Nf3 d5 3. g3 d4 4. d3 Nc6 5. Bg2 Bb4+ 6. Bd2 a5 7. O-O Nf6 8. a3 Bc5 9. e3 O-O 10. exd4 Nxd4 11. Nxd4 Bxd4 12. Nc3 e5 13. Qc2 c6 14. Be3 Bf5 15. Rad1 Re8 16. Ne2 Bxe3 17. fxe3 Ng4 18. Qd2 Qg5 19. e4 Qxd2 20. Rxd2 Be6 21. h3 Nf6 22. b3 Red8 23. Rfd1 Nd7 24. d4 exd4 25. Rxd4 Kf8 26. Kf2 Ke7 27. Ke3 a4 28. Rb1 axb3 29. Rxb3 Ra7 30. Nf4 Rda8 31. Nxe6 fxe6 32. Rbd3 Nc5 33. Rd1 e5 34. R4d2 Rxa3+ 35. Kf2 Rf8+ 36. Kg1 Rxg3 37. Kh2 Ra3 38. Rb1 g6 39. Rbd1 Rfa8 40. Kg1 Ra2 41. Kf2 Rxd2+ 42. Rxd2 Ra4 43. Rc2 Ra3 44. h4 Na4 45. Bf1 Rc3 0-1

[Event "Hungarian Youth-ch I 2024"]
[Site "Szolnok"]
[Date "2024.04.01"]
[Round "1.7"]
[White "Kolimar, Kristof Pal"]
[Black "Puskas, Mihaly"]
[Result "1-0"]
[ECO "A06"]
[WhiteElo "2282"]
[BlackElo "1978"]
[Annotator "RC"]
[PlyCount "55"]
[EventDate "2024.03.31"]
[EventType "swiss"]
[EventCountry "HUN"]
[SourceTitle "playchess.com"]
[Source "ChessBase"]
[SourceQuality "1"]
[TimeControl "5400+30"]

1. Nf3 d5 2. c4 e6 3. d4 c6 4. Qc2 dxc4 5. Qxc4 b5 6. Qc2 Bb7 7. e4 Nd7 8. Bd3 a6 9. O-O c5 10. d5 c4 11. Be2 exd5 12. exd5 Bd6 13. Nd4 Ne7 14. Bg5 O-O 15. Nf5 Nb6 16. Bxe7 Bxe7 17. Nc3 Bf6 18. Rad1 Rc8 19. Ne4 Bxd5 20. Rxd5 Nxd5 21. Rd1 Nb4 22. Rxd8 Nxc2 23. Nxf6+ Kh8 24. Rd2 Nb4 25. Nd7 Rfd8 26. Ne7 Rc7 27. Ne5 Rf8 28. Nxf7+ 1-0

[Event "Hungarian Youth-ch I 2024"]
[Site "Szolnok"]
[Date "2024.04.01"]
[Round "1.8"]
[White "Szabo, Marton Nandor"]
[Black "Turcsanyi, Vince Gergo"]
[Result "0-1"]
[ECO "E32"]
[WhiteElo "1957"]
[BlackElo "2247"]
[Annotator "ChessBase"]
[PlyCount "84"]
[EventDate "2024.03.31"]
[EventType "swiss"]
[EventCountry "HUN"]
[SourceTitle "playchess.com"]
[Source "ChessBase"]
[SourceQuality "1"]
[TimeControl "5400+30"]

1. d4 Nf6 2. c4 e6 3. Nc3 Bb4 4. Qc2 O-O 5. e4 d6 6. Bd3 e5 7. d5 Nbd7 8. Nge2 Nc5 9. O-O a5 10. Ng3 Bd7 11. Nce2 a4 12. h3 c6 13. Be3 cxd5 14. cxd5 Rc8 15. Qd1 Nxd3 16. Qxd3 Qe8 17. Rfc1 Bb5 18. Qd1 Qd7 19. Bd2 Bc5 20. Nc3 a3 21. b4 Bd4 22. Nf5 Bxc3 23. Bxc3 Nxe4 24. Qg4 g6 25. Nh6+ Kg7 26. Qxe4 Kxh6 27. Qh4+ Kg7 28. Bd2 h5 29. g4 Qd8 30. Qg3 hxg4 31. Qxg4 Qd7 32. Rxc8 Qxg4+ 33. hxg4 Rxc8 34. Rc1 Rc4 35. Rxc4 Bxc4 36. b5 Kf6 37. Bb4 Ke7 38. Bxa3 Bxa2 39. Kg2 Bxd5+ 40. Kg3 b6 41. Bc1 Kd7 42. f4 Bc4 0-1

[Event "Hungarian Youth-ch I 2024"]
[Site "Szolnok"]
[Date "2024.04.01"]
[Round "1.9"]
[White "Gergely, Daniel"]
[Black "Vadkerti, Vince"]
[Result "1/2-1/2"]
[ECO "E73"]
[WhiteElo "2230"]
[BlackElo "1884"]
[Annotator "ChessBase"]
[PlyCount "78"]
[EventDate "2024.03.31"]
[EventType "swiss"]
[EventCountry "HUN"]
[SourceTitle "playchess.com"]
[Source "ChessBase"]
[SourceQuality "1"]
[TimeControl "5400+30"]

1. d4 Nf6 2. c4 g6 3. Nc3 Bg7 4. e4 d6 5. Be2 O-O 6. Bg5 Na6 7. Qd2 c6 8. Rd1 Nc7 9. Nf3 d5 10. cxd5 cxd5 11. e5 Ne4 12. Qe3 Nxg5 13. Nxg5 h6 14. Nf3 g5 15. Bd3 Bg4 16. h4 f6 17. hxg5 fxg5 18. Ne2 Ne6 19. Nh2 Nf4 20. Kf1 Bxe2+ 21. Bxe2 Nxe2 22. Qxe2 Qe8 23. Ng4 Qg6 24. g3 Rac8 25. Ne3 Qe4 26. Kg1 Rc7 27. Qh5 Rfc8 28. Qh3 Rc1 29. Qe6+ Kh7 30. Kh2 Rf8 31. Rxc1 Rxf2+ 32. Kh3 Qxe3 33. Rcf1 Qf3 34. Rxf2 Qxh1+ 35. Kg4 Qe4+ 36. Kh3 Qh1+ 37. Rh2 Qf1+ 38. Rg2 Qh1+ 39. Rh2 Qf1+ 1/2-1/2

[Event "Hungarian Youth-ch I 2024"]
[Site "Szolnok"]
[Date "2024.04.01"]
[Round "1.10"]
[White "Salamon, Laszlo"]
[Black "Szegedy, Matyas"]
[Result "0-1"]
[ECO "B40"]
[WhiteElo "1901"]
[BlackElo "2177"]
[Annotator "ChessBase"]
[PlyCount "66"]
[EventDate "2024.03.31"]
[EventType "swiss"]
[EventCountry "HUN"]
[SourceTitle "playchess.com"]
[Source "ChessBase"]
[SourceQuality "1"]
[TimeControl "5400+30"]

1. e4 c5 2. Nf3 e6 3. c3 Nf6 4. e5 Nd5 5. d4 cxd4 6. cxd4 Nc6 7. Nc3 d6 8. Nxd5 exd5 9. exd6 Bxd6 10. Be3 Bf5 11. a3 O-O 12. Bd3 Bxd3 13. Qxd3 Qa5+ 14. Nd2 f5 15. f4 Nb4 16. Qb3 Qa6 17. Kf2 Nd3+ 18. Kf3 Nxf4 19. Bxf4 Bxf4 20. Qxd5+ Kh8 21. Kxf4 Qh6+ 22. Kf3 Qxd2 23. Rhd1 Qxb2 24. Rab1 Qxa3+ 25. Rb3 Qa2 26. Qxb7 Rae8 27. Re3 Rxe3+ 28. Kxe3 Re8+ 29. Kf4 Qf2+ 30. Qf3 Qh4+ 31. g4 Qxh2+ 32. Qg3 g5+ 33. Kf3 Qe2# 0-1

[Event "Hungarian Youth-ch I 2024"]
[Site "Szolnok"]
[Date "2024.04.01"]
[Round "1.11"]
[White "Kasa, Barnabas"]
[Black "Lehocz, Jozsef Jr."]
[Result "0-1"]
[ECO "B53"]
[WhiteElo "1803"]
[BlackElo "2143"]
[Annotator "NA"]
[PlyCount "70"]
[EventDate "2024.03.31"]
[EventType "swiss"]
[EventCountry "HUN"]
[SourceTitle "playchess.com"]
[Source "ChessBase"]
[SourceQuality "1"]
[TimeControl "5400+30"]

1. e4 c5 2. Nf3 d6 3. d4 cxd4 4. Qxd4 Nc6 5. Bb5 Bd7 6. Bxc6 bxc6 7. O-O e5 8. Qd3 Be7 9. Na3 Nf6 10. Nc4 Be6 11. Bg5 Qc7 12. Rad1 Rd8 13. Ne3 d5 14. Bxf6 Bxf6 15. exd5 cxd5 16. Qb5+ Qd7 17. Qa5 Qb7 18. Qa4+ Rd7 19. Ne1 O-O 20. Nd3 Rc7 21. c3 d4 22. cxd4 exd4 23. Nc2 Rc4 24. b4 Bd7 25. Qb3 Rfc8 26. Nc5 R8xc5 27. bxc5 Qxb3 28. axb3 Rxc2 29. Rc1 d3 30. h3 Kf8 31. g4 Rxc1 32. Rxc1 d2 33. Rd1 Bc3 34. f3 Be6 35. c6 Ke7 0-1

[Event "Hungarian Youth-ch I 2024"]
[Site "Szolnok"]
[Date "2024.04.01"]
[Round "1.12"]
[White "Feher, Botond"]
[Black "Sinoros-Szabo, Mate"]
[Result "1/2-1/2"]
[ECO "A20"]
[WhiteElo "2018"]
[BlackElo "1776"]
[Annotator "NA"]
[PlyCount "75"]
[EventDate "2024.03.31"]
[EventType "swiss"]
[EventCountry "HUN"]
[SourceTitle "playchess.com"]
[Source "ChessBase"]
[SourceQuality "1"]
[TimeControl "5400+30"]

1. c4 e5 2. g3 d6 3. Bg2 g6 4. Nc3 Bg7 5. e4 Nc6 6. d3 f5 7. Nge2 Nf6 8. O-O O-O 9. Nd5 Be6 10. exf5 Bxf5 11. Nxf6+ Qxf6 12. Be3 Kh8 13. Qd2 Qe6 14. b3 Bh3 15. Rae1 Bxg2 16. Kxg2 Ne7 17. d4 d5 18. dxe5 dxc4 19. bxc4 Qxc4 20. Rc1 Qe4+ 21. f3 Qxe5 22. Bd4 Rad8 23. Qe1 Qe6 24. Bxg7+ Kxg7 25. Nd4 Qxe1 26. Rfxe1 Rxd4 27. Rxe7+ Rf7 28. Rxf7+ Kxf7 29. Rxc7+ Kg8 30. a3 Rd3 31. a4 Rd4 32. Rxb7 Rxa4 33. g4 a5 34. h4 Ra1 35. h5 gxh5 36. gxh5 a4 37. h6 a3 38. Rg7+ 1/2-1/2

[Event "Hungarian Youth-ch I 2024"]
[Site "Szolnok"]
[Date "2024.04.01"]
[Round "1.13"]
[White "Karman, Gergely"]
[Black "Kovacs, Kristof"]
[Result "0-1"]
[ECO "C55"]
[WhiteElo "1767"]
[BlackElo "2000"]
[Annotator "NA RC"]
[PlyCount "96"]
[EventDate "2024.03.31"]
[EventType "swiss"]
[EventCountry "HUN"]
[SourceTitle "playchess.com"]
[Source "ChessBase"]
[SourceQuality "1"]
[TimeControl "5400+30"]

1. e4 e5 2. Nf3 Nc6 3. Bc4 Nf6 4. d3 Be7 5. O-O O-O 6. Nbd2 d6 7. h3 Na5 8. Bb3 Nxb3 9. axb3 Re8 10. Re1 Bf8 11. Nf1 h6 12. Ng3 g6 13. Be3 a6 14. Qd2 Kh7 15. d4 exd4 16. Bxd4 Bg7 17. Rad1 Be6 18. e5 dxe5 19. Bxe5 Qxd2 20. Rxd2 c6 21. Bxf6 Bxf6 22. Ne4 Be7 23. Nd6 Bxd6 24. Rxd6 Rad8 25. Red1 Rxd6 26. Rxd6 Bd5 27. Rd7 b5 28. Kf1 a5 29. Nd2 Rb8 30. f3 a4 31. b4 Ra8 32. Nb1 Kg7 33. Kf2 Ra6 34. Rc7 Kf6 35. Nc3 Bc4 36. Ne4+ Kg7 37. Nc5 a3 38. bxa3 Rxa3 39. Rxc6 Rc3 40. Kg3 Rxc2 41. Rc7 Rb2 42. Na6 Bf1 43. Rc5 Rxg2+ 44. Kf4 Ra2 45. Nc7 Ra4 46. Nd5 Bc4 47. Nb6 Rxb4 48. Nxc4 Rxc4+ 0-1

[Event "Hungarian Youth-ch I 2024"]
[Site "Szolnok"]
[Date "2024.04.01"]
[Round "1.14"]
[White "Sinoros-Szabo, Daniel"]
[Black "Nagy, Levente Laszlo"]
[Result "1-0"]
[ECO "B32"]
[WhiteElo "1971"]
[BlackElo "1746"]
[Annotator "NA"]
[PlyCount "61"]
[EventDate "2024.03.31"]
[EventType "swiss"]
[EventCountry "HUN"]
[SourceTitle "playchess.com"]
[Source "ChessBase"]
[SourceQuality "1"]
[TimeControl "5400+30"]

1. e4 c5 2. Nf3 Nc6 3. d4 cxd4 4. Nxd4 e5 5. Nb5 d6 6. N1c3 a6 7. Na3 Be7 8. Nc4 Nf6 9. a4 Be6 10. Be3 Bxc4 11. Bxc4 O-O 12. O-O Qc7 13. Bg5 Nb4 14. Bb3 Nfd5 15. exd5 Bxg5 16. Ne4 Bh6 17. c3 f5 18. Ng3 f4 19. Ne4 f3 20. cxb4 fxg2 21. Re1 Qd7 22. Qh5 Rf4 23. Bc2 Raf8 24. Re2 Qe7 25. Qh3 Kh8 26. Ra3 Rh4 27. Qe6 Qd8 28. Nxd6 Rhf4 29. Rc3 R4f6 30. Rc8 Qxc8 31. Qxc8 1-0

[Event "Hungarian Youth-ch I 2024"]
[Site "Szolnok"]
[Date "2024.04.01"]
[Round "1.15"]
[White "Karman, Mihaly"]
[Black "Hangay, Oliver"]
[Result "0-1"]
[ECO "A47"]
[WhiteElo "1600"]
[BlackElo "1962"]
[Annotator "NA"]
[PlyCount "54"]
[EventDate "2024.03.31"]
[EventType "swiss"]
[EventCountry "HUN"]
[SourceTitle "playchess.com"]
[Source "ChessBase"]
[SourceQuality "1"]
[TimeControl "5400+30"]

1. d4 Nf6 2. Nf3 b6 3. g3 Bb7 4. Bg2 g6 5. O-O Bg7 6. c4 O-O 7. Nc3 Ne4 8. Qd3 Nxc3 9. bxc3 Nc6 10. Bf4 Na5 11. e4 Ba6 12. Nd2 d6 13. Rfe1 e5 14. Be3 Qe8 15. dxe5 dxe5 16. a4 Rd8 17. Qe2 Qc6 18. Bf1 Kh8 19. Rec1 Rd6 20. Rcb1 f5 21. Rb4 Re8 22. Bg2 Qd7 23. Bh3 c5 24. Rbb1 Qf7 25. Bf1 f4 26. gxf4 exf4 27. Qf3 Rf6 0-1

[Event "Hungarian Youth-ch I 2024"]
[Site "Szolnok"]
[Date "2024.04.01"]
[Round "1.16"]
[White "Papai, Mate"]
[Black "Hogyinszki, Marcell Csaba"]
[Result "1-0"]
[ECO "D85"]
[WhiteElo "1887"]
[BlackElo "1570"]
[Annotator "NA RC"]
[PlyCount "41"]
[EventDate "2024.03.31"]
[EventType "swiss"]
[EventCountry "HUN"]
[SourceTitle "playchess.com"]
[Source "ChessBase"]
[SourceQuality "1"]
[TimeControl "5400+30"]

1. d4 Nf6 2. c4 g6 3. Nc3 d5 4. cxd5 Nxd5 5. Bd2 Bg7 6. e4 Nb6 7. Be3 O-O 8. Be2 Nc6 9. d5 Na5 10. Bd4 Qd6 11. Nf3 Bg4 12. Bxg7 Kxg7 13. Qd4+ Kg8 14. e5 Qd7 15. e6 Qd6 16. Qxg4 Nxd5 17. Nxd5 Qxd5 18. exf7+ Rxf7 19. O-O Raf8 20. Rfd1 Qc6 21. Ne5 1-0

[Event "Hungarian Youth-ch I 2024"]
[Site "Szolnok"]
[Date "2024.04.01"]
[Round "1.17"]
[White "Hugyecz, Marton"]
[Black "Meszaros-Csonka, David"]
[Result "0-1"]
[ECO "D15"]
[WhiteElo "1497"]
[BlackElo "1941"]
[Annotator "NA RC"]
[PlyCount "40"]
[EventDate "2024.03.31"]
[EventType "swiss"]
[EventCountry "HUN"]
[SourceTitle "playchess.com"]
[Source "ChessBase"]
[SourceQuality "1"]
[TimeControl "5400+30"]

1. d4 d5 2. Nf3 Nf6 3. c4 c6 4. Nc3 dxc4 5. e3 b5 6. a4 b4 7. Na2 e6 8. Bxc4 a5 9. O-O Be7 10. b3 O-O 11. Bb2 Nbd7 12. Qc2 c5 13. Bd3 Qb6 14. Nc1 Ba6 15. Ne2 Rac8 16. Rac1 cxd4 17. Qd2 dxe3 18. fxe3 Nc5 19. Bd4 Bxd3 20. Bxc5 Bxc5 0-1

[Event "Hungarian Youth-ch I 2024"]
[Site "Szolnok"]
[Date "2024.04.01"]
[Round "1.18"]
[White "Marton-John, Almos Kiran"]
[Black "Kertesz, Adam"]
[Result "1-0"]
[ECO "B32"]
[WhiteElo "1693"]
[BlackElo "1508"]
[Annotator "NA RC"]
[PlyCount "83"]
[EventDate "2024.03.31"]
[EventType "swiss"]
[EventCountry "HUN"]
[SourceTitle "playchess.com"]
[Source "ChessBase"]
[SourceQuality "1"]
[TimeControl "5400+30"]

1. e4 c5 2. Nf3 Nc6 3. d4 cxd4 4. Nxd4 e5 5. Nb5 d6 6. N1c3 a6 7. Na3 Nf6 8. Bg5 Be7 9. Bxf6 Bxf6 10. Nc4 Nd4 11. Nd5 Be6 12. Nce3 O-O 13. c3 Nc6 14. g3 Bg5 15. Bg2 Bxe3 16. Nxe3 Qd7 17. O-O Rac8 18. f4 Bh3 19. f5 Bxg2 20. Kxg2 f6 21. Nc4 d5 22. Nb6 Qd6 23. Nxc8 Rxc8 24. Qxd5+ Qxd5 25. exd5 Ne7 26. Rad1 Rd8 27. c4 Kf7 28. b4 b5 29. cxb5 axb5 30. a3 Nxd5 31. Kg1 Ke7 32. Rd3 Nb6 33. Rxd8 Kxd8 34. Rc1 Kd7 35. Rc5 Kd6 36. Rxb5 Kc6 37. Rc5+ Kd6 38. Kf2 Nd5 39. Kf3 Nb6 40. Ke4 Na4 41. Rc8 Nb6 42. Rg8 1-0

[Event "Hungarian Youth-ch I 2024"]
[Site "Szolnok"]
[Date "2024.04.01"]
[Round "1.19"]
[White "Novak, Csanad Mihaly"]
[Black "Fan, Xiaotong"]
[Result "0-1"]
[ECO "A48"]
[WhiteElo "1501"]
[BlackElo "1731"]
[Annotator "NA RC"]
[PlyCount "64"]
[EventDate "2024.03.31"]
[EventType "swiss"]
[EventCountry "HUN"]
[SourceTitle "playchess.com"]
[Source "ChessBase"]
[SourceQuality "1"]
[TimeControl "5400+30"]

1. d4 Nf6 2. Bf4 g6 3. Nf3 Bg7 4. e3 d6 5. Nbd2 O-O 6. Be2 Nbd7 7. O-O c5 8. dxc5 Nxc5 9. c3 Bd7 10. Bc4 b5 11. Bb3 Nd3 12. Qc2 Nxf4 13. exf4 Bf5 14. Qd1 Rc8 15. Bc2 Bxc2 16. Qxc2 Qb6 17. Qd3 b4 18. c4 d5 19. Rac1 Rfd8 20. Qe2 e6 21. b3 a5 22. Qe3 Qb8 23. g3 dxc4 24. Nxc4 Nd5 25. Qe2 Qb5 26. Qe4 Nc3 27. Qc2 a4 28. Nfe5 Rd5 29. Nd3 axb3 30. axb3 Rcd8 31. Nce5 Bxe5 32. Nxe5 Rd2 0-1

[Event "Hungarian Youth-ch I 2024"]
[Site "Szolnok"]
[Date "2024.04.01"]
[Round "1.20"]
[White "Kecskemeti, Akos"]
[Black "Gut, Kende David"]
[Result "0-1"]
[ECO "C25"]
[WhiteElo "1695"]
[BlackElo "1498"]
[Annotator "NA RC"]
[PlyCount "80"]
[EventDate "2024.03.31"]
[EventType "swiss"]
[EventCountry "HUN"]
[SourceTitle "playchess.com"]
[Source "ChessBase"]
[SourceQuality "1"]
[TimeControl "5400+30"]

1. e4 e5 2. Nc3 Bc5 3. f4 d6 4. Nf3 Bg4 5. Bc4 Nc6 6. d3 Nd4 7. Na4 Nxf3+ 8. gxf3 Qh4+ 9. Kd2 Qf2+ 10. Qe2 Be3+ 11. Kd1 Bxf3 12. Re1 Bxe2+ 13. Rxe2 Qf1+ 14. Re1 Qf3+ 15. Re2 Bxc1 16. Rxc1 Qxf4 17. Nc3 Nf6 18. Nb5 Kd7 19. Bxf7 Ng4 20. h3 Nf2+ 21. Rxf2 Qxf2 22. Bd5 c6 23. Bc4 cxb5 24. Bxb5+ Ke7 25. b4 Rhf8 26. c3 Qg2 27. d4 Qxe4 28. Rc2 a6 29. Bc4 b5 30. Be2 exd4 31. cxd4 Qxd4+ 32. Ke1 Qxb4+ 33. Kd1 Rac8 34. Rxc8 Rxc8 35. Bg4 Rc3 36. Ke2 Qb2+ 37. Ke1 Rc1+ 38. Bd1 Rxd1+ 39. Kxd1 Qxa2 40. Ke1 Ke6 0-1

[Event "Hungarian Youth-ch I 2024"]
[Site "Szolnok"]
[Date "2024.04.01"]
[Round "1.21"]
[White "Kiraly, Lilla Virag"]
[Black "Sipos, Stefania"]
[Result "1/2-1/2"]
[ECO "A48"]
[WhiteElo "1923"]
[BlackElo "1885"]
[Annotator "NA"]
[PlyCount "74"]
[EventDate "2024.03.31"]
[EventType "swiss"]
[EventCountry "HUN"]
[SourceTitle "playchess.com"]
[Source "ChessBase"]
[SourceQuality "1"]
[TimeControl "5400+30"]

1. d4 Nf6 2. Bf4 g6 3. Nf3 Bg7 4. e3 O-O 5. Be2 d6 6. h3 b6 7. O-O Bb7 8. Nbd2 Nbd7 9. a4 a6 10. c3 Qe8 11. Bh2 e5 12. b4 Kh8 13. Qb3 Ng8 14. Bc4 Qe7 15. dxe5 dxe5 16. Rfd1 Rad8 17. Be2 f5 18. Rac1 g5 19. Ne1 Nh6 20. a5 f4 21. e4 Nf6 22. Bf3 g4 23. hxg4 Nfxg4 24. Bxg4 Nxg4 25. Nef3 Bf6 26. axb6 cxb6 27. Qc2 Bh4 28. Nxh4 Rxd2 29. Qxd2 Qxh4 30. Bxf4 exf4 31. Qd4+ Kg8 32. Qxb6 Bxe4 33. Qe6+ Kh8 34. Qxe4 Qxf2+ 35. Kh1 Qh4+ 36. Kg1 Qf2+ 37. Kh1 Qh4+ 1/2-1/2

[Event "Hungarian Youth-ch I 2024"]
[Site "Szolnok"]
[Date "2024.04.01"]
[Round "1.22"]
[White "Kovacs, Veronika"]
[Black "Alexandrova, Angelina"]
[Result "0-1"]
[ECO "D35"]
[WhiteElo "1931"]
[BlackElo "1812"]
[Annotator "NA RC"]
[PlyCount "58"]
[EventDate "2024.03.31"]
[EventType "swiss"]
[EventCountry "HUN"]
[SourceTitle "playchess.com"]
[Source "ChessBase"]
[SourceQuality "1"]
[TimeControl "5400+30"]

1. d4 d5 2. c4 e6 3. cxd5 exd5 4. Nc3 Nf6 5. Bg5 Be7 6. Qc2 Nc6 7. e3 O-O 8. Nf3 Re8 9. a3 h6 10. Bxf6 Bxf6 11. Be2 Ne7 12. O-O Bf5 13. Qb3 Rb8 14. Rfc1 b6 15. Qa4 c5 16. Bb5 Rf8 17. Ne2 a6 18. Bxa6 Ra8 19. b4 Bd3 20. b5 Bxe2 21. Nd2 cxd4 22. exd4 Nf5 23. Nb3 Bc4 24. Rd1 Bxb3 25. Qxb3 Nxd4 26. Qd3 Re8 27. Ra2 Qe7 28. h3 Ne2+ 29. Kf1 Nc3 0-1

[Event "Hungarian Youth-ch I 2024"]
[Site "Szolnok"]
[Date "2024.04.01"]
[Round "1.23"]
[White "Harkai, Emma"]
[Black "Buri, Petra Zsuzsanna"]
[Result "1/2-1/2"]
[ECO "C54"]
[WhiteElo "1918"]
[BlackElo "1972"]
[Annotator "NA"]
[PlyCount "110"]
[EventDate "2024.03.31"]
[EventType "swiss"]
[EventCountry "HUN"]
[SourceTitle "playchess.com"]
[Source "ChessBase"]
[SourceQuality "1"]
[TimeControl "5400+30"]

1. e4 e5 2. Nf3 Nc6 3. Bc4 Bc5 4. c3 Nf6 5. d4 exd4 6. cxd4 Bb4+ 7. Nbd2 Nxe4 8. d5 Ne7 9. O-O Nxd2 10. Bxd2 Bxd2 11. d6 cxd6 12. Qxd2 d5 13. Bxd5 O-O 14. Bb3 d5 15. Rad1 Be6 16. Rfe1 Qd6 17. Ng5 Rae8 18. Qd4 Nf5 19. Qd3 h6 20. Ne4 dxe4 21. Qxd6 Nxd6 22. Rxd6 Bxb3 23. axb3 Re7 24. g3 f5 25. Rc1 f4 26. gxf4 Rxf4 27. Rc3 Ref7 28. Rd8+ Kh7 29. Rd2 R7f5 30. Rc7 Rg4+ 31. Kf1 e3 32. Re2 Rgf4 33. Rxe3 Rxf2+ 34. Kg1 Rxb2 35. Rg3 Rg5 36. Rxg5 hxg5 37. Rxb7 Ra2 38. b4 Kh6 39. b5 g6 40. b6 axb6 41. Rxb6 Kh5 42. Rb5 Kh4 43. Rb6 Kh3 44. Rb3+ Kh4 45. Rb6 Kh5 46. Rb5 Re2 47. Ra5 Kg4 48. Ra8 Re4 49. Kg2 Kf4 50. Rf8+ Ke3 51. Rf6 Rg4+ 52. Kh1 Ke2 53. Rxg6 Kf2 54. Rf6+ Rf4 55. Ra6 Re4 1/2-1/2